 Dungeon Crawl Stone Soup version 0.29.0-4-gdea44cf6ec (webtiles) character file.

Game seed: 6071522681296597605

379 Arcadio the Firebug (level 7, 46/46 HPs)
             Began as a Human Fire Elementalist on Aug 25, 2022.
             Quit the game on level 5 of the Dungeon on Aug 26, 2022.
             The game lasted 00:47:48 (7217 turns).

Arcadio the Firebug (Human Fire Elementalist)       Turns: 7217, Time: 00:47:49

Health: 46/46      AC:  6    Str: 10    XL:     7   Next: 4%
Magic:  13/13      EV: 11    Int: 16    God:
Gold:   147        SH:  8    Dex: 13    Spells: 11/14 levels left

rFire   . . .      SeeInvis .   E - +2 mace (vorpal)
rCold   . . .      Faith    .   r - +0 buckler
rNeg    . . .      Spirit   .   l - +0 leather armour
rPois   .          Reflect  +   e - +2 helmet
rElec   .          Harm     .   (no cloak)
rCorr   .          Rampage  .   (no gloves)
Will    .....                   (no boots)
Stlth   ++........              m - amulet of reflection
HPRegen 0.15/turn               (no ring)
MPRegen 0.13/turn               (no ring)

@: no status effects
A: no striking features
a: no special abilities


You were on level 5 of the Dungeon.
You visited 1 branch of the dungeon, and saw 6 of its levels.

You collected 147 gold pieces.

Inventory:

Hand Weapons
 a - a +0 dagger
 b - a +0 sling
 i - a +0 mace
 x - a +0 spear
 E - a +2 vorpal mace (weapon)
Armour
 d - a +0 robe
 e - a +2 helmet (worn)
 l - a +0 leather armour (worn)
 r - a +0 buckler (worn)
 s - a +0 plate armour
 D - a +2 hat
Jewellery
 m - an amulet of reflection (around neck)
 v - an amulet of faith
Wands
 y - a wand of mindburst (8)
Scrolls
 c - 2 scrolls of fog
 f - 3 scrolls of teleportation
 k - 2 scrolls of enchant armour {unknown}
 n - a scroll of enchant weapon {unknown}
 p - 3 scrolls of vulnerability {unknown}
 t - a scroll of brand weapon {unknown}
 u - a scroll of acquirement {unknown}
 z - a scroll of immolation {unknown}
 A - a scroll of poison {unknown}
 C - a scroll of fear {unknown}
Potions
 g - 3 potions of curing
 h - 3 potions of mutation {unknown}
 j - a potion of lignification {unknown}
 o - a potion of heal wounds {unknown}
 q - a potion of attraction
 w - a potion of magic
 B - 2 potions of haste {unknown}


   Skills:
 + Level 3.2 Armour
 - Level 2.4 Dodging
 - Level 2.0 Stealth
 + Level 4.0 Spellcasting
 - Level 1.0 Conjurations
 + Level 4.8 Fire Magic


You had 11 spell levels left.
You knew the following spells:

 Your Spells              Type           Power      Damage    Failure   Level
a - Foxfire               Conj/Fire      48%        2x1d6     10%         1
b - Scorch                Fire           36%        2d7       6%          2

Your spell library contained the following spells:

 Spells                   Type           Power      Damage    Failure   Level
 Conjure Flame            Conj/Fire      12%        6-21      28%         3
 Apportation              Tloc           6%         N/A       30%         1
 Necrotise                Necr           12%        1d4       30%         1
 Summon Small Mammal      Summ           12%        N/A       30%         1
 Inner Flame              Hex/Fire       11%        N/A       34%         3
 Flame Wave               Conj/Fire      12%        2d6       67%         4
 Leda's Liquefaction      Hex/Erth       1%         N/A       97%         4
 Metabolic Englaciation   Hex/Ice        1%         N/A       100%        5
 Enfeeble                 Hex            1%         N/A       100%        7


Dungeon Overview and Level Annotations

Branches:
Dungeon (6/15) Zot: 23391
 Temple: D:4-7

Altars:

Shops:
D:4 [

Annotations:
D:5 Prince Ribbit


Message History

Casting: Scorch (safe; 8% risk of failure)
Confirm with . or Enter, or press ? or * to list all spells.
Flames lash the water moccasin.
The water moccasin is burned terribly!
The water moccasin is almost dead.
You block the water moccasin's attack.
Unknown command.
Casting: Scorch (safe; 8% risk of failure)
Confirm with . or Enter, or press ? or * to list all spells.
Flames lash the water moccasin.
The water moccasin is burned terribly!
You kill the water moccasin!
Your Armour skill increases to level 3!
Unknown command.
Casting: Scorch (safe; 7% risk of failure)
Confirm with . or Enter, or press ? or * to list all spells.
Flames lash the iguana.
The iguana is moderately wounded.
The iguana's fire resistance burns away.
Unknown command.
Casting: Scorch (safe; 7% risk of failure)
Confirm with . or Enter, or press ? or * to list all spells.
Flames lash the iguana.
The iguana is burned terribly!
You kill the iguana!
Your Spellcasting skill increases to level 4!
You have reached level 7!
You start resting.
Magic restored.
You start waiting.
Done waiting.
You start waiting.
Done waiting.
You start waiting.
Done waiting.
You start waiting.
Done waiting.
Save game and exit?
Level annotation: Prince Ribbit Welcome back, Arcadio the Human Fire Elementalist.
Press ? for a list of commands and other information.
Char dumped successfully.
Are you sure you want to abandon this character and quit the game? (Confirm with "yes".)

#.. # #.# #####.# #...##
#.###..... . # .....#
#.##...## .. .# #....#
#.#.....#.# # .#.....##
#.)<......# ..........#
#..).....#.#
#.#.#..##.#####.......##
#...............@....##
###.#####..####...#...#
.................###.#.#
###....##..####....#.##.#
####.##..# ##.#.#.# ##
#.##..#####.#.#.#
######.##............#
..........######.#.###
######.#### #.#.#


There were no monsters in sight!

Vanquished Creatures
  A water moccasin (D:5)
  A scorpion (D:5)
  A hound (D:3)
  An orc priest (D:3)
  An iguana (D:5)
  3 gnolls (D:3)
  3 adders
  2 dart slugs (D:1)
  6 orcs
  7 endoplasms
  A giant cockroach (D:3)
  3 goblins
  6 hobgoblins
  3 jackals (D:3)
  2 quokkas
  7 ball pythons
  10 bats
  5 frilled lizards
  4 kobolds
  4 rats
71 creatures vanquished.

Vanquished Creatures (others)
  80 foxfires
80 creatures vanquished.

Grand Total: 151 creatures vanquished

Notes
Turn   | Place    | Note
-------+----------+-------------------------------------------
     0 | D:1      | Arcadio the Human Fire Elementalist began the quest for the
                  | Orb.
     0 | D:1      | Reached XP level 1. HP: 13/13 MP: 3/3
   570 | D:1      | Got Lakaymo's Secrets of Bewitchment and Metal
   633 | D:1      | Reached XP level 2. HP: 13/19 MP: 1/5
  1177 | D:1      | Reached XP level 3. HP: 24/24 MP: 4/6
  2184 | D:2      | Learned a level 2 spell: Scorch
  3316 | D:2      | Reached XP level 4. HP: 30/30 MP: 7/7
  3464 | D:3      | Reached skill level 1 in Armour
  3481 | D:3      | You fall into a shaft and drop 3 floors!
  3485 | D:5      | Entered Level 5 of the Dungeon
  3622 | D:5      | Noticed Prince Ribbit
  3631 | D:5      | Noticed an ice beast
  3990 | D:4      | Found Pasuecw's Armour Shoppe.
  3994 | D:4      | Noticed a scorpion
  4407 | D:3      | Reached XP level 5. HP: 32/35 MP: 0/9
  5022 | D:3      | Identified the +11 arbalest of Courage {elec, rPois}
  6014 | D:5      | Reached XP level 6. HP: 12/41 MP: 8/11
  6705 | D:5      | Noticed a water moccasin
  6711 | D:5      | Killed a water moccasin
  6714 | D:5      | Reached XP level 7. HP: 46/46 MP: 1/13
  7217 | D:5      | Upgraded the game from 0.29.0-3-gbb0933ed62 to
                  | 0.29.0-4-gdea44cf6ec
  7217 | D:5      | Quit the game

Illustrated notes

Levels and vault maps discovered:
D:1:      elethiomel_arrival_infinity_welcomes_careful_drivers, layout_rooms,
          nrook_uturn
D:2:      layout_basic, kennysheep_generic_room_13
D:3:      layout_basic
D:4:      layout_rooms, lemuel_doored_altar, serial_shops, shop
D:5:      layout_loops_ring, mainiacjoe_overflow_chevrons,
          nicolae_uskayaw_dance_hall, uniq_prince_ribbit1
D:6:      layout_rooms, lemuel_zombie_altar_yredelemnul,
          minmay_temple_entry_fiery, serial_corexii_hall,
          corexii_hall_statues_l, chequers_hall_statues_y

Skill      XL: |  1  2  3  4  5  6 |
---------------+-------------------+-----
Armour         | 1 2 3 |  3.2
Spellcasting   | 3 4 |  4.0
Fire Magic     | 4 |  4.8
Dodging        | |  2.4
Stealth        | |  2.0
Conjurations   | |  1.0

Action                   |  1- 3 |  4- 6 |  7- 9 || total
-------------------------+-------+-------+-------++-------
Melee: Dagger            |    32 |       |       ||    32
       Spear             |    16 |    77 |       ||    93
       Mace              |       |    21 |       ||    21
 Fire: Sling             |     6 |       |       ||     6
 Cast: Foxfire           |    53 |     8 |       ||    61
       Scorch            |     2 |    23 |       ||    25
  Use: Scroll            |       |     2 |       ||     2
       Potion            |       |     2 |       ||     2
 Stab: Sleeping          |     1 |     1 |       ||     2
       Distracted        |     1 |       |       ||     1
Armor: Robe              |     6 |       |       ||     6
       Leather armour    |     8 |    37 |       ||    45
Dodge: Dodged            |    31 |    74 |       ||   105
Block: Buckler           |    12 |    73 |       ||    85
       Other             |     4 |       |       ||     4
       Reflection        |       |     2 |       ||     2
